 Dungeon Crawl Stone Soup version 0.22-a0-268-g1cc83efe17 (webtiles) character file.

89 RedPan the Insei (level 4, 0/36 HPs)
             Began as a Demonspawn Monk on Mar 9, 2018.
             Slain by a leopard gecko (3 damage)
             ... on level 2 of the Dungeon.
             The game lasted 00:01:52 (1665 turns).

RedPan the Insei (Demonspawn Monk)                  Turns: 1665, Time: 00:01:52

Health: 0/36       AC:  2    Str: 13    XL:     4   Next: 31%
Magic:  4/4        EV: 13    Int: 11    God:
Gold:   57         SH:  0    Dex: 15    Spells: 3/3 levels left

rFire    . . .     SeeInvis .     - Unarmed
rCold    . . .     Gourm    .   (no shield)
rNeg     . . .     Faith    .   a - +0 robe
rPois    .         Spirit   .   (no helmet)
rElec    .         Reflect  .   (no cloak)
rCorr    .         Harm     .   (no gloves)
MR       .....                  (no boots)
Stlth    ++........             (no amulet)
HPRegen  0.12/turn              (no ring)
MPRegen  0.09/turn              (no ring)

@: no status effects
A: talons 1, powered by pain 1
a: no special abilities


You were on level 2 of the Dungeon.
You were not hungry.

You visited 1 branch of the dungeon, and saw 2 of its levels.

You collected 57 gold pieces.

Inventory:

Armour
 a - a +0 robe (worn)
Scrolls
 d - a scroll of fog
 f - a scroll of identify
 g - a scroll of immolation {unknown}
 h - a scroll of magic mapping {unknown}
Potions
 c - a potion of flight
 e - a potion of curing
 i - a potion of mutation {unknown}
Comestibles
 b - 2 rations


   Skills:
 + Level 3.6 Fighting
 + Level 3.2 Dodging
 - Level 1.7 Stealth
 * Level 3.9 Unarmed Combat


You had 3 spell levels left.
You didn't know any spells.

Dungeon Overview and Level Annotations

Branches:
Dungeon (2/15)

Altars:
Qazlal


Innate Abilities, Weirdness & Mutations

You have sharp toenails.
You sometimes gain a little power by taking damage.


Message History

You hit the gnoll but do no damage. Your kick misses the gnoll.
The gnoll is almost dead.
The gnoll barely misses you.
You punch the gnoll!
You kill the gnoll!
The leopard gecko bites you.
* * * LOW HITPOINT WARNING * * *
You miss the leopard gecko. The leopard gecko bites you.
* * * LOW HITPOINT WARNING * * *
You hit the leopard gecko. Your kick misses the leopard gecko.
The leopard gecko is heavily wounded.
The leopard gecko closely misses you.
You barely miss the leopard gecko.
The leopard gecko is heavily wounded.
The leopard gecko bites you.
* * * LOW HITPOINT WARNING * * *
You closely miss the leopard gecko.
The leopard gecko is heavily wounded.
The leopard gecko bites you.
You die...

. . #. #.# ..# # .
#.#### .##.# ..
#..(.######.....#
#[###....?.@llg..#
###...#.#.#####.....$.
# ..........#.#
.l.#### #..
.....#..#.# ##...# #.
#### #..#.##........ .
#.......# ......
####..###..# .......
## #.....# ..# ..?####
#.#####.##..###.# ..


You could see a gnoll and 2 leopard geckos.

Vanquished Creatures
  3 gnolls (D:2)
  2 adders (D:2)
  An ooze (D:1)
  2 worms (D:2)
  A dart slug (D:1)
  2 leopard geckos (D:1)
  6 goblins (D:1)
  3 hobgoblins
  4 kobolds (D:1)
  4 bats
  4 rats
32 creatures vanquished.

Vanquished Creatures (others)
  A worm (D:2)
1 creature vanquished.

Grand Total: 33 creatures vanquished

Notes
Turn   | Place    | Note
-------+----------+-------------------------------------------
     0 | D:1      | RedPan the Demonspawn Monk began the quest for the Orb.
     0 | D:1      | Reached XP level 1. HP: 18/18 MP: 1/1
   277 | D:1      | Gained mutation: You sometimes gain a little power by taking damage. [demonic ancestry]
   277 | D:1      | Reached XP level 2. HP: 24/24 MP: 2/2
   855 | D:1      | Gained mutation: You have sharp toenails. [demonic ancestry]
   855 | D:1      | Reached XP level 3. HP: 20/29 MP: 3/3
  1265 | D:2      | Found a stormy altar of Qazlal.
  1320 | D:2      | HP: 1/29 [worm (6)]
  1654 | D:2      | Reached XP level 4. HP: 21/35 MP: 4/4
  1665 | D:2      | Slain by a leopard gecko

Vault maps used:
D:1:      saegor_arrival_simple_c
D:2:      grunt_qazlal_clouds

Skill      XL: |  1  2 |
---------------+-------+-----
Unarmed Combat | 3 |  3.9
Dodging        | 3 |  3.2
Fighting       | |  3.6
Stealth        | |  1.7

Action                   |  1- 3 |  4- 6 || total
-------------------------+-------+-------++-------
Melee: Unarmed           |   130 |    10 ||   140
       Punch             |     4 |       ||     4
       Kick              |    22 |     3 ||    25
  Use: Scroll            |     4 |       ||     4
       Potion            |     1 |       ||     1
 Stab: Sleeping          |     4 |       ||     4
  Eat: Chunk             |     2 |       ||     2
Armor: Robe              |    16 |       ||    16
Dodge: Dodged            |    90 |     6 ||    96

Table legend:
 A = Spawn XP
 B = Non-spawn XP
 C = Spawn XP percentage of total XP
 D = Spawn monster count
 E = Non-spawn monster count
 F = Spawn count percentage of total count
 G = Total turns spent on level
                    A         B        C        D         E        F      G
               +---------+---------+-------+---------+---------+-------+---------
         Total |       0 |     128 |   0.0 |       0 |      32 |   0.0 |  1665
               +---------+---------+-------+---------+---------+-------+---------
           D:1 |       0 |      42 |   0.0 |       0 |      20 |   0.0 |   997
           D:2 |       0 |      86 |   0.0 |       0 |      12 |   0.0 |   668
               +---------+---------+-------+---------+---------+-------+---------
